 Dungeon Crawl Stone Soup version 0.31-a0-152-g6aa68a64a1 (webtiles) character file.

Game seed: 13811273515611998376

323 Elmgren the Trooper (level 6, 0/57 HPs)
             Began as a Minotaur Berserker on June 9, 2023.
             Was a Priest of Trog.
             Succumbed to a gnoll's poison
             ... on level 4 of the Dungeon.
             The game lasted 00:09:49 (2654 turns).

Elmgren the Trooper (Minotaur Berserker)            Turns: 2654, Time: 00:09:50

Health: 0/57       AC: 12    Str: 29    XL:     6   Next: 23%
Magic:  5/5        EV:  9    Int:  4    God:    Trog [***...]
Gold:   183        SH:  0    Dex: 10    Spells: 5/5 levels left

rFire   + . .        a - +1 hand axe
rCold   . . .        (no shield)
rNeg    . . .        c - +0 chain mail
rPois   .            (helmet restricted)
rElec   .            (no cloak)
rCorr   .            u - +0 pair of gloves
SInv    .            e - +0 pair of boots
Will    ++...        (no amulet) Stlth
                     S - +6 ring of strength
HPRegen 1.29/turn    F - ring of protection from fire
MPRegen 0.09/turn

%: no passive effects
@: lethally poisoned (0 -> -3), strong-willed, on berserk cooldown,
regenerating, slowed, very slow
A: horns 2, retaliatory headbutt
a: Renounce Religion, Berserk, Trog's Hand


You were on level 4 of the Dungeon.
You worshipped Trog.
Trog was most pleased with you.
You visited 1 branch of the dungeon, and saw 4 of its levels.

You collected 183 gold pieces.


Innate Abilities, Weirdness & Mutations

You have a pair of horns on your head.
You reflexively headbutt those who attack you in melee.


   Skills:
 + Level 5.7 Fighting
 + Level 5.6 Axes
 + Level 5.0 Armour
 - Level 2.1 Dodging


You had 5 spell levels left.
You didn't know any spells.
Your spell library contained the following spells:

 Spells                   Type           Power      Damage    Failure   Level
 Call Canine Familiar     Summ           0%         N/A       100%        3
 Portal Projectile        Hex/Tloc       0%         N/A       100%        3
 Leda's Liquefaction      Hex/Erth       0%         N/A       100%        4

Inventory:

Hand Weapons
 a - a +1 hand axe (weapon)
Missiles
 f - 31 stones (quivered)
Armour
 c - a +0 chain mail (worn)
   (You took it off an orc on level 3 of the Dungeon)
 e - a +0 pair of boots (worn)
   (You found it on level 1 of the Dungeon)
 u - a +0 pair of gloves (worn)
   (You found it on level 3 of the Dungeon)
Jewellery
 n - an amulet of reflection
   (You found it on level 4 of the Dungeon)
 F - a ring of protection from fire (right hand)
   (You found it on level 2 of the Dungeon)
 S - a +6 ring of strength (left hand)
   (You found it on level 3 of the Dungeon)
Wands
 s - a wand of iceblast (7)
   (You took it off an orc on level 3 of the Dungeon)
 w - a wand of digging (6)
   (You found it on level 4 of the Dungeon)
Scrolls
 d - 2 scrolls of magic mapping {!r}
 h - 2 scrolls of identify {@r1}
 j - 2 scrolls of enchant weapon
 l - 2 scrolls of teleportation {@r4}
 o - a scroll of vulnerability {!r!r}
 v - a scroll of enchant armour {unknown}
Potions
 b - a potion of lignification {unknown}
 g - a potion of brilliance {unknown}
 i - a potion of ambrosia {unknown}
 k - 4 potions of attraction {!q}
 m - a potion of haste {unknown}
 p - a potion of might {unknown}
 q - a potion of cancellation {unknown}
 r - a potion of magic {unknown}
 t - a potion of degeneration {unknown}

Dungeon Overview and Level Annotations

Branches:
Dungeon (4/15) Zot: 21337
 Temple: D:4-7

Altars:
Qazlal

##.##############
.................
...>..)@...!#.# ##
##.#..).).....##....
#.#######........ #
#.####### #.# #.#
#####.# #.....#
#.#####


There were no monsters in sight!


Message History

You take 4 damage, and now have 35/56 hp.
Your skin crawls.
You feel strong-willed.
You feel very sick. The gnoll hits you but does no damage.
You are more poisoned.
The gnoll hits you but does no damage. The gnoll hits you with a +0 flail.
The gnoll hits you with a +0 whip. 😮 HP[-6]
You take 6 damage, and now have 29/56 hp.
A red film seems to cover your vision as you go berserk!
You feel yourself moving faster!
You feel mighty!
You feel very sick. The gnoll barely misses you.
The gnoll hits you from afar with a +2 spear of venom!
* * * LOW HITPOINT WARNING * * *
You are more poisoned.
The gnoll hits you with a +0 whip.
* * * LOW HITPOINT WARNING * * *
The gnoll completely misses you. You furiously retaliate!
You headbutt the gnoll!
You kill the gnoll!
Trog accepts your kill. 😨 HP[+4]
You now have 85 max hp (+29).
You regained 4 hp, and now have 33/85 hp.
You slash the gnoll!
You feel the power of Trog in you as your rage grows.
You kill the gnoll!
Trog accepts your kill.
You feel very sick.
The gnoll hits you from afar with a +2 spear of venom.
* * * LOW HITPOINT WARNING * * *
The gnoll closely misses you. 😨 HP[-9]
You take 9 damage, and now have 24/85 hp.
You feel very sick. The gnoll hits you but does no damage.
You are more poisoned.
The gnoll closely misses you.
You see here a +0 whip. 😨 HP[-2]
You take 2 damage, and now have 22/85 hp.
You barely miss the gnoll. You closely miss the gnoll.
You feel very sick. 😱 HP[-3]
You take 3 damage, and now have 19/85 hp.
You slash the gnoll! Your headbutt misses the gnoll. You slash the gnoll!
You feel very sick.
The gnoll hits you but does no damage. x2
You are lethally poisoned! 😱 HP[-3]
You take 3 damage, and now have 16/85 hp.
You hit the gnoll.
You kill the gnoll!
Trog accepts your kill.
You slash the gnoll!
You kill the gnoll!
Trog accepts your kill.
* * * LOW HITPOINT WARNING * * *
You feel very sick.
Your Armour skill increases to level 5! 😱 HP[-3]
You take 3 damage, and now have 13/85 hp.
There is a lethal amount of poison in your body!
There is a lethal amount of poison in your body!
There is a lethal amount of poison in your body!
There is a lethal amount of poison in your body!
There is a lethal amount of poison in your body!
There is a lethal amount of poison in your body!
There is a lethal amount of poison in your body!
* * * LOW HITPOINT WARNING * * *
You feel very sick. 😱 HP[-3]
You take 3 damage, and now have 10/85 hp.
You feel a strong urge to attack something.
* * * LOW HITPOINT WARNING * * *
You feel very sick. 😱 HP[-2]
You take 2 damage, and now have 8/85 hp.
* * * LOW HITPOINT WARNING * * *
You feel very sick. 😱 HP[-3]
You take 3 damage, and now have 5/85 hp.
You feel your anger nearly subside.
* * * LOW HITPOINT WARNING * * *
You feel very sick. 😱 HP[-2]
You take 2 damage, and now have 3/85 hp.
You are no longer berserk.
You are exhausted.
You feel yourself slow down.
* * * LOW HITPOINT WARNING * * *
You feel sick. 😱 HP[-2]
You now have 57 max hp (-28).
You are too injured to fight recklessly!
There is a lethal amount of poison in your body!
There is a lethal amount of poison in your body!
You die...

Skill      XL: |  1  2  3  4  5  6 |
---------------+-------------------+-----
Fighting       | 4 5 |  5.7
Axes           | 4 5 |  5.6
Armour         | 3 4 5 |  5.0
Dodging        | |  2.1

Action                     |  1- 3 |  4- 6 || total
---------------------------+-------+-------++-------
  Melee: Hand axe          |    87 |    91 ||   178
         Headbutt          |    13 |     8 ||    21
         Punch             |     1 |       ||     1
 Invoke: Berserk           |       |     1 ||     1
         Trog's Hand       |       |     1 ||     1
    Use: Scroll            |       |     6 ||     6
 Armour: Animal skin       |    26 |       ||    26
         Scale mail        |       |    15 ||    15
         Chain mail        |       |    20 ||    20
  Dodge: Dodged            |    74 |    44 ||   118

Levels and vault maps discovered:
D:1:      eino_arrival_cavern_b, layout_basic, st_stairs_14, solitary_fountain
D:2:      layout_basic, minmay_fountain_box, uniq_jessica
D:3:      kb_forest_paths, layout_loops_corners,
          mainiacjoe_overflow_tiny_flanked
D:4:      layout_loops_ring, mainiacjoe_overflow_cross_hatched,
          mainiacjoe_overflow_brackets, uniq_sigmund, uniq_eustachio

Notes
Turn   | Place    | Note
-------+----------+-------------------------------------------
     0 | D:1      | Elmgren the Minotaur Berserker began the quest for the Orb.
     0 | D:1      | Reached XP level 1. HP: 19/19 MP: 0/0
     0 | D:1      | magus.rc [v1.11.6]
    19 | D:1      | magus.rc [v1.11.6]
    21 | D:1      | You add the spells Call Canine Familiar, Portal Projectile
                  | and Leda's Liquefaction to your library.
   124 | D:1      | Reached XP level 2. HP: 27/27 MP: 1/1
   175 | D:1      | Reached skill level 4 in Fighting
   175 | D:1      | Reached skill level 4 in Axes
   183 | D:1      | Reached skill level 3 in Armour
   592 | D:1      | Reached XP level 3. HP: 33/33 MP: 2/2
   680 | D:1      | Reached ** piety under Trog
  1245 | D:2      | Reached XP level 4. HP: 24/41 MP: 3/3
  1512 | D:2      | Reached skill level 4 in Armour
  1606 | D:2      | Noticed Jessica
  1610 | D:2      | Killed Jessica
  1611 | D:2      | Reached skill level 5 in Fighting
  1611 | D:2      | Reached skill level 5 in Axes
  1611 | D:2      | Reached XP level 5. HP: 42/48 MP: 4/4
  2485 | D:4      | Reached *** piety under Trog
  2533 | D:4      | Reached XP level 6. HP: 56/56 MP: 5/5
  2551 | D:4      | Found a stormy altar of Qazlal.
  2646 | D:4      | HP: 19/85 [poisoned by a gnoll]
  2649 | D:4      | Reached skill level 5 in Armour
  2650 | D:4      | HP: 8/85 [poisoned by a gnoll]
  2652 | D:4      | HP: 3/85 [poisoned by a gnoll]
  2653 | D:4      | HP: 1/57 [poisoned by a gnoll]
  2654 | D:4      | Succumbed to a gnoll's poison

Vanquished Creatures
  A hound (D:4)
  An iguana (D:4)
  Jessica (D:2)
  An orc wizard (D:3)
  8 gnolls
  5 adders
  A worm (D:3)
  2 dart slugs
  3 orcs (D:3)
  8 endoplasms
  3 giant cockroaches
  9 goblins
  11 hobgoblins
  2 jackals (D:2)
  5 kobolds
  3 quokkas
  6 ball pythons
  7 bats
  2 frilled lizards
  5 rats
84 creatures vanquished.

Table legend:
 A = Non-vault XP
 B = Vault XP
 C = Vault XP percentage of total XP
 D = Non-vault monster count
 E = Vault monster count
 F = Vault count percentage of total count
                 A         B        C        D         E       F
            +---------+---------+-------+---------+---------+-------
      Total |     400 |      62 |  13.4 |      76 |       8 |   9.5
            +---------+---------+-------+---------+---------+-------
        D:1 |      52 |       2 |   3.7 |      29 |       1 |   3.3
        D:2 |     130 |      37 |  22.2 |      28 |       1 |   3.4
        D:3 |      49 |      23 |  31.9 |       5 |       6 |  54.5
        D:4 |     169 |       0 |   0.0 |      14 |       0 |   0.0
            +---------+---------+-------+---------+---------+-------

Skill      XL: |  1  2  3  4  5  6 |
---------------+-------------------+-----
Fighting       | 4 5 |  5.7
Axes           | 4 5 |  5.6
Armour         | 3 4 5 |  5.0
Dodging        | |  2.1

Action                     |  1- 3 |  4- 6 || total
---------------------------+-------+-------++-------
  Melee: Hand axe          |    87 |    91 ||   178
         Headbutt          |    13 |     8 ||    21
         Punch             |     1 |       ||     1
 Invoke: Berserk           |       |     1 ||     1
         Trog's Hand       |       |     1 ||     1
    Use: Scroll            |       |     6 ||     6
 Armour: Animal skin       |    26 |       ||    26
         Scale mail        |       |    15 ||    15
         Chain mail        |       |    20 ||    20
  Dodge: Dodged            |    74 |    44 ||   118

Illustrated notes

Table legend:
 A = Kills in this place as a percentage of kills in the entire game.
 B = Kills by you in this place as a percentage of kills by you in the entire game.
 C = Kills by friends in this place as a percentage of kills by friends in the entire game.
 D = Other kills in this place as a percentage of other kills in the entire game.
 E = Experience gained in this place as a percentage of experience gained in the entire game.
 F = Experience gained in this place divided by the number of levels of this place that you have seen.
                   A       B       C       D       E      F
               +-------+-------+-------+-------+-------+----------------------
         Total | 100.0 | 100.0 |   N/A |   N/A | 100.0 | 115.5
       Dungeon | 100.0 | 100.0 |   N/A |   N/A | 100.0 | 115.5
               +-------+-------+-------+-------+-------+----------------------

Table legend: (Time is in decaauts)
 A = Elapsed time spent in this place.
 B = Non-inter-level travel time spent in this place.
 C = Inter-level travel time spent in this place.
 D = Time resting spent in this place.
 E = Time spent auto-exploring this place.
 F = Levels seen in this place.
 G = Mean time per level.
                   A        B        C        D        E       F      G
               +--------+--------+--------+--------+--------+-----+--------+
         Total |   2662 |   2495 |    167 |    324 |   1667 |   4 |  665.5 |
       Dungeon |   2662 |   2495 |    167 |    324 |   1667 |   4 |  665.5 |
               +--------+--------+--------+--------+--------+-----+--------+

Top non-repeatable levels by time:
     D:1: 1001 daAuts
     D:2: 779 daAuts
     D:3: 693 daAuts
     D:4: 187 daAuts
